 Dungeon Crawl Stone Soup version 0.29-a0-378-gc08b2e8bf8 (webtiles) character file.

Game seed: 644828239734940293

267 purpskrrrp the Poker (level 6, -3/52 HPs)
             Began as a Hill Orc Wanderer on May 4, 2022.
             Slain by a kobold
             ... wielding a +0 club
              (4 damage)
             ... on level 3 of the Dungeon.
             The game lasted 00:16:58 (2859 turns).

purpskrrrp the Poker (Hill Orc Wanderer)            Turns: 2859, Time: 00:16:58

Health: -3/52      AC: 12    Str: 17    XL:     6   Next: 21%
Magic:  8/8        EV:  5    Int: 11    God:
Gold:   100        SH:  0    Dex: 11    Spells: 7/8 levels left

rFire   . . .      SeeInvis .   n - +1 scythe
rCold   . . .      Faith    .   (shield currently unavailable)
rNeg    . . .      Spirit   .   l - +0 plate armour
rPois   .          Reflect  .   (no helmet)
rElec   .          Harm     .   (no cloak)
rCorr   .          Rampage  .   o - +0 pair of gloves
Will    .....                   (no boots)
Stlth   ..........              (no amulet)
HPRegen 0.17/turn               (no ring)
MPRegen 0.11/turn               (no ring)

@: no status effects
A: no striking features
a: no special abilities


You were on level 3 of the Dungeon.
You visited 1 branch of the dungeon, and saw 3 of its levels.

You collected 100 gold pieces.

Inventory:

Hand Weapons
 a - a +1 trident
 g - a +4 short sword
 m - a +0 shortbow
 n - a +1 scythe (weapon)
Missiles
 d - 4 boomerangs
Armour
 c - a +0 leather armour
 f - a +0 scale mail
 l - a +0 plate armour (worn)
 o - a +0 pair of gloves (worn)
Jewellery
 i - a ring of positive energy
Scrolls
 b - 6 scrolls of teleportation
Potions
 e - a potion of degeneration
 h - a potion of curing {unknown}
 j - 2 potions of flight {unknown}
 k - a potion of brilliance {unknown}
 p - a potion of magic {unknown}


   Skills:
 + Level 3.9 Fighting
 + Level 5.4 Polearms
 + Level 3.0 Armour
 + Level 0.7 Dodging
 - Level 0.1 Stealth
 + Level 1.7 Spellcasting
 + Level 2.2 Necromancy
 + Level 1.2 Invocations


You had 7 spell levels left.
You knew the following spells:

 Your Spells              Type           Power      Damage    Failure   Level
a - Pain                  Necr           20%        1d5       99%         1

Your spell library contained the following spells:

 Spells                   Type           Power      Damage    Failure   Level
 Summon Small Mammal      Summ           0%         N/A       100%        1
 Call Canine Familiar     Summ           0%         N/A       100%        3
 Dazzling Flash           Conj/Hex       0%         N/A       100%        3
 Gell's Gravitas          Tloc           0%         N/A       100%        3
 Lesser Beckoning         Tloc           0%         N/A       100%        3
 Summon Guardian Golem    Hex/Summ       0%         N/A       100%        3
 Teleport Other           Tloc           0%         N/A       100%        3
 Vampiric Draining        Necr           5%         2d6       100%        3
 Iskenderun's Mystic Bla  Conj/Tloc      0%         2d3       100%        4
 Starburst                Conj/Fire      0%         6d3       100%        6


Dungeon Overview and Level Annotations

Branches:
Dungeon (3/15)

Altars:


Message History

* * * LOW HITPOINT WARNING * * *
You see here a +0 club.
There is a large open door here.
The kobold attacks as you move away! The kobold completely misses you.
The kobold attacks as you move away! The kobold hits you but does no damage.
The kobold attacks as you move away! The kobold barely misses you.
The kobold attacks as you move away! The kobold hits you but does no damage.
The kobold attacks as you move away! The kobold hits you but does no damage.
The kobold attacks as you move away! The kobold hits you but does no damage.
You closely miss the kobold. The kobold barely misses you.
You closely miss the kobold.
The kobold hits you but does no damage. x2
You slash the kobold!
You kill the kobold!
The kobold hits you but does no damage. x3
You slash the kobold!
You kill the kobold!
The kobold completely misses you.
You miss the kobold. The kobold barely misses you.
The kobold hits you but does no damage.
The gnoll hits you from afar with a +0 spear.
* * * LOW HITPOINT WARNING * * *
The kobold hits you but does no damage. x2
The gnoll hits you but does no damage.
You slash the kobold!
You kill the kobold!
The kobold hits you but does no damage. The gnoll completely misses you.
You barely miss the kobold. The kobold hits you with a +0 club.
* * * LOW HITPOINT WARNING * * *
The gnoll hits you from afar with a +0 spear.
* * * LOW HITPOINT WARNING * * *
The gnoll hits you but does no damage. The kobold barely misses you.
You barely miss the kobold. The kobold hits you with a +0 club.
* * * LOW HITPOINT WARNING * * *
The gnoll hits you from afar with a +0 spear.
* * * LOW HITPOINT WARNING * * *
The gnoll hits you from afar with a +0 spear.
* * * LOW HITPOINT WARNING * * *
The kobold hits you but does no damage. The kobold attacks as you move away!
The kobold hits you with a +0 club.
You die...

#
#.#....................
...... #
#.######.####.#######
###### #
#.####[######### #
#KK##..........# #
##.##..........# #
#K##..........# #
#g#...........# #
#)K...........# #
##)@..........# #
#............# #
#............. #
###........... #
#............. #
#.#........... #
#.#........... #
#.#...######## # ###
#.#...# #


You could see a gnoll and 2 kobolds.

Vanquished Creatures
  Sigmund (D:3)
  2 gnolls (D:3)
  An adder (D:2)
  2 worms
  A dart slug (D:1)
  An orc (D:3)
  7 ball pythons
  5 bats
  2 endoplasms
  3 giant cockroaches
  4 goblins
  8 hobgoblins
  3 jackals (D:1)
  A quokka (D:3)
  5 frilled lizards
  28 kobolds
  2 rats
76 creatures vanquished.

Vanquished Creatures (others)
  A plant (D:2)
1 creature vanquished.

Grand Total: 77 creatures vanquished

Notes
Turn   | Place    | Note
-------+----------+-------------------------------------------
     0 | D:1      | purpskrrrp the Hill Orc Wanderer began the quest for the
                  | Orb.
     0 | D:1      | purpskrrrp set off with the following items: a +1 trident,
                  | a scroll of teleportation, a +0 leather armour; and the
                  | following spell memorised: Pain; and the following spells
                  | available to memorise: Vampiric Draining
     0 | D:1      | Reached XP level 1. HP: 18/18 MP: 3/3
   255 | D:1      | Reached XP level 2. HP: 25/25 MP: 4/4
   700 | D:1      | Reached skill level 4 in Polearms
   709 | D:1      | Reached XP level 3. HP: 28/30 MP: 5/5
  1286 | D:2      | Found a faded altar of an unknown god.
  1492 | D:2      | Reached skill level 1 in Armour
  1911 | D:2      | Reached XP level 4. HP: 38/38 MP: 6/6
  2133 | D:3      | Noticed Sigmund
  2146 | D:3      | Killed Sigmund
  2147 | D:3      | Reached skill level 5 in Polearms
  2147 | D:3      | Reached XP level 5. HP: 44/46 MP: 7/7
  2260 | D:3      | Reached XP level 6. HP: 30/52 MP: 8/8
  2858 | D:3      | HP: 1/52 [gnoll/+0 spear (2)]
  2859 | D:3      | Slain by a kobold

Illustrated notes

Levels and vault maps discovered:
D:1:      lightli_arrival_statuegarden, layout_basic, minmay_misc_feat_rows
D:2:      layout_loops_cross, shapermc_ecumenical_altar_ellora,
          serial_bayou_pond_b
D:3:      minmay_goblin_kobold_castle, layout_basic, corexii_leaking_fountain,
          uniq_sigmund

Skill      XL: |  1  2  3  4  5  6 |
---------------+-------------------+-----
Polearms       | 4 5 |  5.4
Fighting       | 3 |  3.9
Armour         | 1 2 3 |  3.0
Dodging        | |  0.7
Stealth        | |  0.1
Spellcasting   | |  1.7
Necromancy     | |  2.2
Invocations    | |  1.2

Action                   |  1- 3 |  4- 6 || total
-------------------------+-------+-------++-------
Melee: Trident           |   124 |     9 ||   133
       Scythe            |       |    90 ||    90
  Use: Scroll            |     3 |     2 ||     5
Armor: Leather armour    |     6 |       ||     6
       Scale mail        |    55 |       ||    55
       Plate armour      |     9 |   166 ||   175
Dodge: Dodged            |    66 |    77 ||   143

Table legend: (Time is in decaauts)
 A = Elapsed time spent in this place.
 B = Non-inter-level travel time spent in this place.
 C = Inter-level travel time spent in this place.
 D = Time resting spent in this place.
 E = Time spent auto-exploring this place.
 F = Levels seen in this place.
 G = Mean time per level.
                   A        B        C        D        E       F      G
               +--------+--------+--------+--------+--------+-----+--------+
         Total |   2946 |   2746 |    200 |    495 |   1599 |   3 |  982.0 |
       Dungeon |   2946 |   2746 |    200 |    495 |   1599 |   3 |  982.0 |
               +--------+--------+--------+--------+--------+-----+--------+

Top non-repeatable levels by time:
     D:1: 1064 daAuts
     D:2: 1031 daAuts
     D:3: 851 daAuts
